Map: Solaris LE

Players

ElevatedPant

  • Race: Protoss Protoss
  • League: Diamond
  • Spawn Location: 7:00

Subwayeatn - Winner!

  • Race: Zerg Zerg
  • League: Platinum
  • Spawn Location: 1:00

VOD

Have the link to the VOD?

Description

Time

  • Played on: Nov. 8, 2023, 2:14 p.m.
  • Length: 4:12
Show
View Real Time Build Order
Export as new Build Order

ElevatedPant Protoss 

Build Orders:  

Get SALT Encoding   

  12  0:00  Probe  
  13  0:12  Probe  
  14  0:19  Pylon  
  14  0:24  Probe  
  15  0:38  Gateway  
  15  0:40  Probe (Chrono Boost)  
  16  0:45  Assimilator  
  17  0:50  Probe (Chrono Boost)  
  17  0:55  Probe  
  18  1:07  Probe  
  19  1:19  Probe  
  20  1:25  Cybernetics Core  
  20  1:26  Zealot  
  22  1:36  Gateway  
  22  1:37  Probe  
  22  1:39  Pylon  
  23  1:43  Assimilator  
  23  1:56  Zealot (Chrono Boost)  
  23  1:57  Probe  
  26  2:01  Warp Gate  
  26  2:10  Probe  
  27  2:17  Robotics Facility  
  27  2:22  Gateway  
  27  2:26  Stalker  
  29  2:43  Shield Battery  
  29  2:45  Pylon  
  31  2:54  Stalker (Chrono Boost)  
  31  3:01  Stalker (Chrono Boost)  
  33  3:09  Immortal (Chrono Boost)  
  37  3:18  Pylon  
  31  3:52  Zealot  
Show
View Real Time Build Order
Export as new Build Order

Subwayeatn Zerg - Winner!

Build Orders: Pool First 

Get SALT Encoding   

  12  0:00  Drone  
  13  0:08  Drone  
  13  0:13  Extractor  
  13  0:29  Spawning Pool  
  12  1:06  Hatchery  
  11  1:16  Queen  
  13  1:26  Overlord  
  13  1:32  Zergling x2  
  14  1:41  Metabolic Boost  
  15  1:47  Zergling x2  
  15  1:51  Zergling x2  
  16  2:10  Zergling x6  
  19  2:19  Drone  
  19  2:21  Zergling x2  
  22  2:30  Zergling x6  
  24  2:41  Spine Crawler  
  24  2:42  Zergling x2  
  24  2:47  Zergling x2  
  25  2:52  Zergling x2  
  26  2:58  Drone  
  27  3:20  Spine Crawler  
  27  3:21  Queen  
  26  3:47  Zergling x4  
Tags
 
Matchup
PvZ
Opening
Pool First
Replay Pack
Multiplayer
Spawn Locations
Cross Positions
Add a new tag
Caveats
  • Supply blocks, unpowered buildings, or Contaminate may cause inaccurate times.
  • Supply counts are checked every 10 seconds.